[Event "Titled Tuesday Blitz May 2 Late 2023"]
[White "Suleymanli, Aydin"]
[Black "Matlakov, Maxim"]
[WhiteFideId "13413937"]
[BlackFideId "4168003"]
[WhiteElo "2559"]
[BlackElo "2666"]
[Result "1-0"]
[Round "07"]
[TimeControl "180+2"]
[Date "2023.05.02"]
[WhiteClock "0:00:06"]
[BlackClock "0:00:02"]

1. e4 c5 2. Nf3 e6 3. Nc3 Nc6 4. g3 d5 5. exd5 exd5 6. Bg2 d4 7. Ne2 Nf6 8. O-O Be7 9. d3 h6 10. Nd2 O-O 11. Nc4 Re8 12. h3 Bf8 13. Re1 Bd7 14. a4 Be6 15. Nf4 Bf5 16. Rxe8 Qxe8 17. Bd2 Qc8 18. Qf3 g5 19. g4 Nxg4 20. hxg4 Bxg4 21. Qg3 gxf4 22. Bxf4 Kh7 23. Re1 Bf5 24. Nd6 Bxd6 25. Bxd6 Qd7 26. Bxc5 Rg8 27. Qd6 Qxd6 28. Bxd6 Bh3 29. Bg3 Bxg2 30. Kxg2 Nb4 31. Re7 Nxc2 32. Rxf7+ Rg7 33. Rxg7+ Kxg7 34. Kf3 Kf6 35. Ke4 h5 36. Bh4+ Ke6 37. Bg5 Ne1 38. f4 Nc2 39. f5+ Kf7 40. Ke5 Ne3 41. Ke4 Nc2 42. Bh4 a6 43. Bg5 Kg7 44. Ke5 Kf7 45. Ke4 Kg7 46. Kd5 Kf7 47. Ke5 b5 48. a5 b4 49. Ke4 b3 50. Ke5 Kg7 51. Ke6 Ne3 52. f6+ Kg6 53. f7 Kxg5 54. f8=Q Ng4 55. Qf5+ Kh4 56. Qf4 1-0


[Site "https://www.chess.com"]

[Event "Titled Tuesday Blitz May 2 Late 2023"]
[White "Naroditsky, Daniel"]
[Black "Henriquez Villagra, Cristobal"]
[WhiteFideId "2026961"]
[BlackFideId "3409350"]
[WhiteElo "2633"]
[BlackElo "2542"]
[Result "1-0"]
[Round "07"]
[TimeControl "180+2"]
[Date "2023.05.02"]
[WhiteClock "0:01:02"]
[BlackClock "0:00:09"]

1. d4 c6 2. e4 d5 3. f3 g6 4. Na3 Bg7 5. c3 a6 6. Be3 Nd7 7. Qd2 b5 8. e5 Nb6 9. Bd3 h5 10. Ne2 Nh6 11. b3 Nf5 12. Bf4 Be6 13. Nc2 Rc8 14. Ne3 Qd7 15. a4 bxa4 16. bxa4 Nc4 17. Bxc4 dxc4 18. Ng3 Nxe3 19. Bxe3 Rb8 20. Ne4 Bf5 21. Nc5 Qc8 22. O-O O-O 23. Bh6 a5 24. Rae1 Qd8 25. e6 fxe6 26. Bxg7 Kxg7 27. Rxe6 Rf7 28. Rfe1 Kg8 29. Qg5 Rb2 30. Rxg6+ 1-0


[Site "https://www.chess.com"]

[Event "Titled Tuesday Blitz May 2 Late 2023"]
[White "Grischuk, Alexander"]
[Black "Zhigalko, Sergei"]
[WhiteFideId "4126025"]
[BlackFideId "13502956"]
[WhiteElo "2727"]
[BlackElo "2626"]
[Result "1-0"]
[Round "07"]
[TimeControl "180+2"]
[Date "2023.05.02"]
[WhiteClock "0:00:16"]
[BlackClock "0:00:01"]

1. c4 e5 2. g3 Nf6 3. Bg2 c6 4. d4 exd4 5. Qxd4 Na6 6. Nf3 Bc5 7. Qe5+ Be7 8. O-O O-O 9. Nc3 Re8 10. Rd1 Nc5 11. Qf5 d6 12. Qc2 a5 13. b3 h6 14. h3 Bf8 15. Nd4 Bd7 16. Bf4 Qe7 17. Nf5 Bxf5 18. Qxf5 Rad8 19. Qc2 Qe6 20. Rd4 g5 21. Be3 Bg7 22. Rad1 Nh5 23. R4d2 Bxc3 24. Qxc3 Nxg3 25. Bxc5 Nxe2+ 26. Rxe2 Qxe2 27. Bf3 Qe6 28. Bd4 Rd7 29. Bf6 d5 30. Bg4 Qd6 31. Bxd7 Qxd7 32. cxd5 cxd5 33. Bh8 f6 34. Bxf6 Qxh3 35. Qxh3 1-0


[Site "https://www.chess.com"]

[Event "Titled Tuesday Blitz May 2 Late 2023"]
[White "Deac, Bogdan-Daniel"]
[Black "Kamsky, Gata"]
[WhiteFideId "1226380"]
[BlackFideId "2000024"]
[WhiteElo "2649"]
[BlackElo "2660"]
[Result "1-0"]
[Round "07"]
[TimeControl "180+2"]
[Date "2023.05.02"]
[WhiteClock "0:00:05"]
[BlackClock "0:00:08"]

1. e4 c5 2. Nf3 e6 3. g3 b6 4. d4 cxd4 5. Nxd4 Bb7 6. Bg2 Nf6 7. Qe2 Nc6 8. Nxc6 Bxc6 9. O-O Qc7 10. Rd1 Qb7 11. f3 Be7 12. c4 Bc5+ 13. Be3 e5 14. Qf2 d6 15. Nc3 O-O 16. Rd2 Qe7 17. Rad1 Rfd8 18. Kh1 Rac8 19. Bh3 Rb8 20. Rd3 h6 21. Qd2 Ne8 22. b3 a6 23. a4 a5 24. Bxc5 bxc5 25. Nb5 Bxb5 26. axb5 Ra8 27. Ra1 Qc7 28. Ra4 Qb6 29. Qc3 Nc7 30. Rd1 Ra7 31. Rda1 Rda8 32. f4 Qb7 33. fxe5 dxe5 34. Qxe5 Qb6 35. Rd1 Re8 36. Qd6 Na8 37. e5 Rb8 38. Bg2 Qxd6 39. exd6 Nb6 40. Ra2 a4 41. bxa4 Rxa4 42. Rxa4 Nxa4 43. d7 Rd8 44. Bc6 1-0


[Site "https://www.chess.com"]

[Event "Titled Tuesday Blitz May 2 Late 2023"]
[White "Sanal, Vahap"]
[Black "Babazada, Khazar"]
[WhiteFideId "6300545"]
[BlackFideId "13413554"]
[WhiteElo "2606"]
[BlackElo "2351"]
[Result "1/2-1/2"]
[Round "07"]
[TimeControl "180+2"]
[Date "2023.05.02"]
[WhiteClock "0:00:05"]
[BlackClock "0:00:07"]

1. e4 c6 2. Nf3 d5 3. d3 dxe4 4. dxe4 Qxd1+ 5. Kxd1 g6 6. Nbd2 Bg7 7. Ne1 Nf6 8. Nd3 O-O 9. f3 Rd8 10. c3 b6 11. Kc2 c5 12. a4 Nc6 13. Nc4 Be6 14. Nf4 Bxc4 15. Bxc4 e6 16. Ba6 Na5 17. Ne2 Ne8 18. Bf4 e5 19. Bg5 f6 20. Bh4 Nc7 21. Bb5 a6 22. b4 cxb4 23. cxb4 axb5 24. bxa5 Rxa5 25. axb5 Rxb5 26. Rhd1 Rc5+ 27. Kb3 Rc8 28. Ra7 Bf8 29. Bxf6 Rb5+ 30. Ka2 Ne8 31. Be7 Rc2+ 32. Ka1 Rxe2 33. Rd8 Ra5+ 34. Rxa5 bxa5 35. Rxe8 Kf7 36. Rxf8+ Kxe7 37. Rh8 h5 38. g4 Rxh2 39. gxh5 Rxh5 40. Ra8 Kf6 41. Rxa5 Rh2 42. Kb1 Rf2 43. Ra6+ Kg5 44. Re6 Kf4 45. Rxg6 Rxf3 46. Kc1 Kxe4 47. Kd2 Rh3 48. Ke2 Rh2+ 49. Ke1 Kf4 50. Ra6 e4 51. Ra3 Rg2 52. Rb3 Rc2 53. Ra3 Rc8 54. Rb3 Ke5 55. Ra3 Kd4 56. Ra4+ Ke3 57. Ra3+ Kf4 58. Rb3 Ra8 59. Rc3 Ke5 60. Rb3 Kd4 61. Ke2 Ra2+ 62. Ke1 Ra5 63. Ke2 Ra4 64. Rh3 Ra2+ 65. Ke1 Kc4 66. Re3 Kd5 67. Rb3 Kc4 68. Re3 Rb2 69. Rxe4+ Kc3 70. Rh4 Kb3 71. Kd1 Rb1+ 72. Kd2 Rb2+ 73. Kd3 Rg2 74. Rh8 Rg3+ 75. Kd2 Rg4 76. Rc8 Rd4+ 77. Ke3 Rc4 78. Rxc4 Kxc4 1/2-1/2


[Site "https://www.chess.com"]

[Event "Titled Tuesday Blitz May 2 Late 2023"]
[White "Maghsoodloo, Parham"]
[Black "Sieciechowicz, Marcin"]
[WhiteFideId "12539929"]
[BlackFideId "1130170"]
[WhiteElo "2647"]
[BlackElo "2302"]
[Result "1/2-1/2"]
[Round "07"]
[TimeControl "180+2"]
[Date "2023.05.02"]
[WhiteClock "0:00:13"]
[BlackClock "0:00:12"]

1. d4 d5 2. c4 c6 3. Nf3 Nf6 4. e3 Bf5 5. Nc3 e6 6. Nh4 Bg6 7. Be2 Nbd7 8. O-O Bd6 9. g3 O-O 10. Nxg6 hxg6 11. Qc2 Rc8 12. Rd1 Qe7 13. e4 Nxe4 14. Nxe4 dxe4 15. Qxe4 Nf6 16. Qf3 c5 17. Be3 cxd4 18. Bxd4 Bc5 19. Bc3 e5 20. a3 Rfd8 21. b4 e4 22. Qf4 Bd6 23. Qe3 Bb8 24. Rxd8+ Rxd8 25. Rd1 Rxd1+ 26. Bxd1 b6 27. Bb3 Be5 28. c5 bxc5 29. Bxe5 Qxe5 30. Qxc5 Qxc5 31. bxc5 Kf8 32. c6 Ke7 33. Bxf7 g5 34. Bb3 Kd6 35. Ba4 Nd5 36. Kg2 Nc3 37. Bc2 g4 38. Bb3 a5 39. h4 Kxc6 40. Be6 Nb1 41. a4 Nc3 42. Bxg4 Nxa4 43. Kf1 Nc3 44. Ke1 Kc5 45. Kd2 Kd4 46. Be6 a4 47. g4 a3 48. g5 a2 49. Bxa2 Nxa2 50. h5 Ke5 51. h6 gxh6 52. gxh6 Kf6 53. Ke3 Nc3 54. Kd4 Nd1 55. h7 Kg7 56. h8=Q+ Kxh8 57. Kxe4 Nxf2+ 1/2-1/2


[Site "https://www.chess.com"]

[Event "Titled Tuesday Blitz May 2 Late 2023"]
[White "Bortnyk, Mykola"]
[Black "Kovalenko, Igor"]
[WhiteFideId "14120836"]
[BlackFideId "14117908"]
[WhiteElo "2582"]
[BlackElo "2574"]
[Result "1-0"]
[Round "07"]
[TimeControl "180+2"]
[Date "2023.05.02"]
[WhiteClock "0:00:03"]
[BlackClock "0:00:39"]

1. e4 d5 2. exd5 Qxd5 3. Nc3 Qa5 4. b4 Qxb4 5. Rb1 Qd6 6. Nf3 a6 7. d4 Nf6 8. Bd3 b5 9. Ne4 Qd5 10. Qe2 Bf5 11. c4 bxc4 12. Nxf6+ gxf6 13. Bxc4 Qe4 14. Rb3 Qxe2+ 15. Kxe2 e6 16. Nh4 Bc2 17. Rf3 Be7 18. Bf4 f5 19. Rc3 Be4 20. f3 Bc6 21. g3 Kd7 22. Rhc1 Bb4 23. R3c2 Ba3 24. Rb1 Bd6 25. Be5 Rc8 26. Rbc1 Ba4 27. Rd2 Bb4 28. Rd3 Bb5 29. d5 Bd6 30. dxe6+ fxe6 31. Bxd6 Bxc4 32. Rxc4 cxd6 33. Rxc8 Kxc8 34. Rxd6 Nd7 35. Rxe6 Kc7 36. Nxf5 Rb8 37. Rxa6 Rb2+ 38. Ke3 Rxh2 39. Rh6 Rxa2 40. Rxh7 Kc6 41. Rh6+ Kc5 42. Kf4 Ra4+ 43. Ke3 Ne5 44. Nh4 Kd5 45. Rh8 Ke6 46. Re8+ Kf6 47. Rf8+ Ke6 48. f4 Ra3+ 49. Kf2 Ra2+ 50. Kg1 Ng4 51. Rg8 Nf6 52. Rb8 Kd5 53. Rb5+ Kd4 54. Re5 Ng4 55. Re1 Kd3 56. Nf3 Nf6 57. Ne5+ Kd4 58. g4 Nd5 59. Nf3+ Kd3 60. Rd1+ Ke4 61. Ng5+ Kxf4 62. Rxd5 Kxg4 63. Ne6 Kg3 64. Kf1 Kf3 65. Rf5+ Ke4 66. Rh5 Ke3 67. Rh3+ Ke4 68. Nc5+ Kd4 69. Nb3+ Ke4 70. Ke1 Kf4 71. Nd2 Kg4 72. Rh8 Kf4 73. Ke2 Ke5 74. Rh4 Ra3 75. Nc4+ 1-0


[Site "https://www.chess.com"]

[Event "Titled Tuesday Blitz May 2 Late 2023"]
[White "Holt, Conrad"]
[Black "Sargsyan, Shant"]
[WhiteFideId "2034387"]
[BlackFideId "13306766"]
[WhiteElo "2592"]
[BlackElo "2628"]
[Result "0-1"]
[Round "07"]
[TimeControl "180+2"]
[Date "2023.05.02"]
[WhiteClock "0:00:03"]
[BlackClock "0:01:50"]

1. d4 d6 2. Nf3 Nf6 3. c4 g6 4. Nc3 Bf5 5. d5 Bg7 6. Nd4 Bd7 7. e4 O-O 8. Be2 e6 9. O-O Re8 10. dxe6 Bxe6 11. Nxe6 Rxe6 12. f3 Nc6 13. Kh1 Nd7 14. Nd5 a5 15. Rb1 Nc5 16. Be3 h5 17. Qd2 Nb4 18. Nf4 Re8 19. a3 Nc6 20. b4 axb4 21. axb4 Nd7 22. Rfd1 Nce5 23. c5 dxc5 24. bxc5 Qc8 25. Qb4 Ra2 26. Qb3 Qa8 27. Qb5 c6 28. Qxb7 Qxb7 29. Rxb7 g5 30. Nxh5 Rxe2 31. Bxg5 Nxc5 32. Rc7 Ne6 0-1


[Site "https://www.chess.com"]

[Event "Titled Tuesday Blitz May 2 Late 2023"]
[White "Ter-Sahakyan, Samvel"]
[Black "Kobo, Ori"]
[WhiteFideId "13302531"]
[BlackFideId "2812320"]
[WhiteElo "2566"]
[BlackElo "2447"]
[Result "1-0"]
[Round "07"]
[TimeControl "180+2"]
[Date "2023.05.02"]
[WhiteClock "0:01:13"]
[BlackClock "0:00:10"]

1. d4 Nf6 2. Nf3 g6 3. c4 Bg7 4. Nc3 d6 5. e4 Bg4 6. Be2 Bxf3 7. Bxf3 e5 8. d5 h5 9. Be3 Bh6 10. Bxh6 Rxh6 11. Qd2 Rh8 12. h4 a5 13. O-O-O Nbd7 14. Kb1 Nc5 15. Qe3 Kf8 16. g3 Kg7 17. Bg2 Qe7 18. Bh3 a4 19. a3 b6 20. f3 Rhb8 21. Rdg1 Rh8 22. Na2 Nb3 23. Nb4 Nd4 24. Bf1 Nd7 25. Ka2 Nc5 26. f4 Ncb3 27. Bd3 Rae8 28. Rh2 Nc5 29. Bb1 b5 30. cxb5 Nxb5 31. Nc6 Qf8 32. fxe5 dxe5 33. Rf2 Nb3 34. Rgf1 Nd6 35. Qc3 f6 36. Bc2 Nd4 37. Nxd4 exd4 38. Qxd4 Re5 39. Rxf6 Qxf6 40. Rxf6 Kxf6 41. Qxa4 Rhe8 42. Qc6 R5e7 43. Qc3+ Kf7 44. e5 Rxe5 45. Qxc7+ 1-0


[Site "https://www.chess.com"]

[Event "Titled Tuesday Blitz May 2 Late 2023"]
[White "Koziorowicz, Michal"]
[Black "Ibarra Jerez, Jose Carlos"]
[WhiteFideId "21809194"]
[BlackFideId "2226332"]
[WhiteElo "2255"]
[BlackElo "2638"]
[Result "0-1"]
[Round "07"]
[TimeControl "180+2"]
[Date "2023.05.02"]
[WhiteClock "0:00:03"]
[BlackClock "0:00:05"]

1. e4 d5 2. exd5 Qxd5 3. Nf3 Bg4 4. Be2 Nc6 5. O-O O-O-O 6. Nc3 Qh5 7. h3 Nf6 8. d3 e5 9. hxg4 Nxg4 10. Nh4 f5 11. Bxg4 fxg4 12. g3 Be7 13. Kg2 Bxh4 14. Rh1 g5 15. Ne4 h6 16. Be3 Rhf8 17. Qd2 Qf7 18. Qe2 Qh5 19. a3 Rf3 20. b4 Rdf8 21. b5 Nd8 22. a4 Ne6 23. a5 Nf4+ 24. Bxf4 exf4 25. b6 a6 26. Nd6+ Kd7 27. Ne4 cxb6 28. axb6 Rxg3+ 29. Nxg3 f3+ 30. Kg1 fxe2 31. Nxh5 Bxf2+ 32. Kg2 Kc6 33. Rhe1 Bxe1 34. Rxe1 Re8 35. Ng3 a5 36. Ne4 a4 37. Rxe2 a3 38. Re1 Kxb6 39. Kf2 Rc8 40. c4 Ka5 41. Ke3 Kb4 42. Kd2 a2 43. Kc2 Ka3 44. Nc3 Rf8 45. Nb5+ Kb4 46. Kb2 Rf2+ 47. Ka1 g3 0-1


[Site "https://www.chess.com"]

[Event "Titled Tuesday Blitz May 2 Late 2023"]
[White "Kramnik, Vladimir"]
[Black "Gutkin, Ilya"]
[WhiteFideId "4101588"]
[BlackFideId "16203470"]
[WhiteElo "2712"]
[BlackElo "2265"]
[Result "1-0"]
[Round "07"]
[TimeControl "180+2"]
[Date "2023.05.02"]
[WhiteClock "0:01:10"]
[BlackClock "0:00:18"]

1. e4 e6 2. d4 d5 3. exd5 exd5 4. Nf3 Nc6 5. Bd3 Bd6 6. O-O Nge7 7. c3 O-O 8. Qc2 h6 9. h3 Be6 10. Re1 Qd7 11. Nbd2 Bf5 12. Nf1 Rfe8 13. Bd2 a5 14. Ne3 Bxd3 15. Qxd3 Ng6 16. Nxd5 Ba3 17. Nxc7 Qxc7 18. bxa3 a4 19. Qb5 Rxe1+ 20. Rxe1 Ra5 21. Re8+ Kh7 22. Qd3 Qd7 23. Re1 b5 24. h4 Qd5 25. Ne5 h5 26. Nxc6 Qxc6 27. Re5 Kg8 28. Rxh5 Ra8 29. Rc5 Qe6 30. h5 Nh4 31. Qg3 Qxa2 32. Bh6 1-0


[Site "https://www.chess.com"]

[Event "Titled Tuesday Blitz May 2 Late 2023"]
[White "Firouzja, Alireza"]
[Black "Seemann, Jakub"]
[WhiteFideId "12573981"]
[BlackFideId "21874697"]
[WhiteElo "2904"]
[BlackElo "2364"]
[Result "1-0"]
[Round "07"]
[TimeControl "180+2"]
[Date "2023.05.02"]
[WhiteClock "0:00:58"]
[BlackClock "0:00:01"]

1. d4 Nf6 2. Nc3 d5 3. Bf4 e6 4. Nb5 Bb4+ 5. c3 Ba5 6. a4 a6 7. b4 Nc6 8. Na3 Bb6 9. Nf3 O-O 10. a5 Ba7 11. e3 Ne7 12. Bd3 c6 13. h4 Bb8 14. Bxb8 Rxb8 15. h5 h6 16. Ne5 Nd7 17. f4 Nxe5 18. fxe5 f6 19. exf6 Rxf6 20. Qg4 e5 21. Qg3 e4 22. Bxe4 Ra8 23. Bd3 Bf5 24. O-O Qd7 25. e4 dxe4 26. Bxe4 Raf8 27. Bf3 Be6 28. Rae1 Nf5 29. Qe5 Nh4 30. Be4 Rxf1+ 31. Rxf1 Rxf1+ 32. Kxf1 Qf7+ 33. Kg1 Bd5 34. Bxd5 cxd5 35. Nc2 Nf5 36. Ne1 Kh7 37. Nf3 Ne7 38. Kf2 Nc6 39. Qh2 Qf5 40. Qh3 Qc2+ 41. Kg1 Qxc3 42. Qf5+ Kh8 43. Qxd5 Qxb4 44. Qe6 Qxa5 45. d5 1-0


[Site "https://www.chess.com"]

[Event "Titled Tuesday Blitz May 2 Late 2023"]
[White "Fedoseev, Vladimir"]
[Black "Kosakowski, Jakub"]
[WhiteFideId "24130737"]
[BlackFideId "1185080"]
[WhiteElo "2752"]
[BlackElo "2488"]
[Result "1-0"]
[Round "07"]
[TimeControl "180+2"]
[Date "2023.05.02"]
[WhiteClock "0:00:45"]
[BlackClock "0:00:02"]

1. Nf3 Nf6 2. b3 g6 3. Bb2 Bg7 4. e3 O-O 5. Be2 d6 6. O-O b6 7. c4 Bb7 8. Nc3 Nbd7 9. d4 Ne4 10. Nd5 e6 11. Nf4 c5 12. Qc2 cxd4 13. exd4 Ng5 14. Nd2 e5 15. dxe5 Nxe5 16. Rad1 Re8 17. Rfe1 Qf6 18. g3 Ne6 19. Nd5 Bxd5 20. cxd5 Nc5 21. Ba1 Qe7 22. Bb5 Rec8 23. f4 Ne6 24. Qe4 f5 25. Qe2 Nc7 26. fxe5 1-0


[Site "https://www.chess.com"]

[Event "Titled Tuesday Blitz May 2 Late 2023"]
[White "Makridis, Dimitrios"]
[Black "Paravyan, David"]
[WhiteFideId "25864475"]
[BlackFideId "4194985"]
[WhiteElo "2277"]
[BlackElo "2563"]
[Result "1-0"]
[Round "07"]
[TimeControl "180+2"]
[Date "2023.05.02"]
[WhiteClock "0:00:09"]
[BlackClock "0:00:04"]

1. e4 e5 2. Nf3 Nf6 3. Nxe5 d6 4. Nd3 Nxe4 5. Qe2 Qe7 6. Nf4 Nc6 7. Nd5 Nd4 8. Nxe7 Nxe2 9. Nd5 Nd4 10. Na3 Ne6 11. d3 N4c5 12. c3 c6 13. Nf4 d5 14. Nc2 Bd6 15. Nxe6 Nxe6 16. d4 a5 17. a4 f6 18. Be3 Kf7 19. Bd3 h5 20. h4 g6 21. g3 Ng7 22. Kd2 Bf5 23. Rhb1 Bxd3 24. Kxd3 Ne6 25. b3 Rhd8 26. c4 b6 27. cxd5 cxd5 28. Bd2 Rac8 29. Ne3 Bf8 30. b4 axb4 31. Bxb4 Bh6 32. Bd2 Bxe3 33. fxe3 Rd6 34. Rb3 Rc4 35. a5 bxa5 36. Rxa5 Rc7 37. Rbb5 Rcd7 38. Bb4 Nc7 39. Rb7 Rc6 40. Rc5 Rxc5 41. dxc5 Ke6 42. c6 Rf7 43. Kd4 g5 44. Kc5 Na6+ 45. Kb6 Nxb4 46. Rxf7 Nxc6 47. Rh7 Ne5 48. Rxh5 Kf5 49. Kc5 Kg4 50. Rh8 Kxg3 51. h5 Kh4 52. h6 Kh5 53. Kxd5 Nf7 54. Rf8 Nxh6 55. Rxf6 Ng4 56. Rf3 Nh6 57. e4 Kg6 58. e5 Nf5 59. e6 Ne7+ 60. Kd6 Nc8+ 61. Kc7 Ne7 62. Kd7 Nd5 63. e7 Nxe7 64. Kxe7 g4 65. Rf8 Kg5 66. Ke6 g3 67. Ke5 Kg4 68. Ke4 g2 69. Rg8+ Kh3 70. Kf3 1-0


[Site "https://www.chess.com"]

[Event "Titled Tuesday Blitz May 2 Late 2023"]
[White "Bluebaum, Matthias"]
[Black "Kucuksari, Kaan"]
[WhiteFideId "24651516"]
[BlackFideId "6380166"]
[WhiteElo "2638"]
[BlackElo "2364"]
[Result "1-0"]
[Round "07"]
[TimeControl "180+2"]
[Date "2023.05.02"]
[WhiteClock "0:00:09"]
[BlackClock "0:00:04"]

1. d4 f5 2. Nf3 Nf6 3. c4 g6 4. e3 Bg7 5. b4 O-O 6. Be2 d6 7. Bb2 c6 8. O-O Nbd7 9. a4 Qe8 10. Qb3 Kh8 11. b5 e5 12. dxe5 Nxe5 13. Nbd2 c5 14. Rad1 b6 15. Nb1 Qe7 16. a5 Bb7 17. Nxe5 dxe5 18. Nc3 Rad8 19. axb6 axb6 20. Na4 Qe6 21. Rxd8 Rxd8 22. Rd1 Rd6 23. h3 h5 24. Qc2 Kh7 25. Ra1 f4 26. exf4 exf4 27. Bd3 Nd7 28. Bxg7 Kxg7 29. Qc3+ Rd4 30. Re1 Qf6 31. Bf1 h4 32. Qc1 Qg5 33. Rd1 Ne5 34. Rxd4 cxd4 35. Nxb6 d3 36. Nd5 d2 37. Qd1 f3 38. Ne3 fxg2 39. Be2 Qf4 40. Qxd2 Bf3 41. b6 Bxe2 42. Qxe2 Nf3+ 43. Kxg2 Nd4 44. Qg4 Qf6 45. Qd7+ Kg8 46. Qe8+ Kg7 47. Qd7+ Kg8 48. Qd5+ Kg7 49. b7 Ne6 50. Qxe6 Qxe6 51. b8=Q Qe4+ 52. Kh2 Qf3 53. Qc7+ Kh6 54. Ng4+ Kg5 55. Qe7+ Kh5 56. Qh7+ Kg5 57. Qh6+ Kf5 58. Qf8+ Ke4 59. Qxf3+ Kxf3 60. c5 1-0


[Site "https://www.chess.com"]

[Event "Titled Tuesday Blitz May 2 Late 2023"]
[White "Leiva, Gianmarco"]
[Black "Bortnyk, Olexandr"]
[WhiteFideId "3804399"]
[BlackFideId "14120828"]
[WhiteElo "2345"]
[BlackElo "2734"]
[Result "0-1"]
[Round "07"]
[TimeControl "180+2"]
[Date "2023.05.02"]
[WhiteClock "0:00:11"]
[BlackClock "0:00:05"]

1. d4 d6 2. Nf3 Nf6 3. Nc3 Nbd7 4. Bf4 c6 5. e4 Qa5 6. a3 Nxe4 7. Bd3 Nxc3 8. Qd2 e5 9. Be3 Nf6 10. Bg5 e4 11. Bxf6 exd3 12. Bh4 dxc2 13. O-O Bg4 14. Rfe1+ Kd7 15. bxc3 Bxf3 16. gxf3 Qf5 17. Re4 d5 18. Rf4 Qg6+ 19. Rg4 Qf5 20. Rf4 Qh5 21. Qxc2 Qg6+ 22. Qxg6 hxg6 23. Rxf7+ Ke6 24. Re7+ Bxe7 25. Re1+ Kf7 26. Rxe7+ Kf8 27. Bg5 Rh5 28. Re5 Re8 29. Rxe8+ Kxe8 30. h4 Kf7 31. Kg2 Ke6 32. Kg3 Kf5 33. Be7 Rh8 34. Bd6 Re8 35. Be5 Re7 36. f4 b6 37. f3 a5 38. Kf2 c5 39. Ke3 c4 40. Kf2 b5 41. Bd6 Rb7 42. Bf8 Rb8 43. Bd6 Rh8 44. Kg3 Re8 45. Be5 b4 46. axb4 axb4 47. cxb4 c3 0-1


[Site "https://www.chess.com"]

[Event "Titled Tuesday Blitz May 2 Late 2023"]
[White "Manukyan, Sargis A."]
[Black "Chigaev, Maksim"]
[WhiteFideId "13303970"]
[BlackFideId "4108116"]
[WhiteElo "2187"]
[BlackElo "2547"]
[Result "0-1"]
[Round "07"]
[TimeControl "180+2"]
[Date "2023.05.02"]
[WhiteClock "0:00:09"]
[BlackClock "0:00:13"]

1. d4 Nf6 2. c4 g6 3. Nc3 Bg7 4. Nf3 d6 5. h3 O-O 6. Bf4 c5 7. d5 Na6 8. e4 Nc7 9. Bd3 b5 10. cxb5 a6 11. bxa6 Bxa6 12. O-O Nd7 13. Qe2 Bxd3 14. Qxd3 Qc8 15. Rab1 Qa6 16. Qc2 Rfb8 17. b3 Bxc3 18. Qxc3 Qxa2 19. Bh6 f6 20. Nd2 Qa5 21. Qg3 Nb5 22. h4 Ne5 23. Qh3 Nf7 24. Be3 Qd8 25. f4 Ra2 26. h5 Nd4 27. hxg6 hxg6 28. Qg4 Kg7 29. Bxd4 Rxd2 30. Bc3 Rd3 31. Rf3 Rxf3 32. gxf3 Qh8 33. e5 Qh5 34. exf6+ exf6 35. Qe6 Qh4 36. Qg4 Rh8 37. Qg2 Qxf4 38. Re1 Rh5 39. Kf1 Rg5 40. Qh3 Rf5 41. Kg2 Ne5 42. Bxe5 fxe5 43. Re4 Qd2+ 44. Kg3 Rg5+ 45. Rg4 Qf4+ 46. Kg2 Rxg4+ 47. fxg4 g5 48. Qh5 e4 49. Qe8 Qxg4+ 50. Kh2 Qf4+ 51. Kh3 Qf5+ 52. Kh2 Qxd5 53. b4 cxb4 54. Qe7+ Kg6 55. Qe8+ Kf5 56. Qf8+ Kg4 57. Qc8+ Qf5 58. Qh8 Qf2+ 59. Kh1 Qh4+ 60. Qxh4+ gxh4 61. Kg2 b3 62. Kh2 b2 63. Kg2 b1=Q 64. Kh2 e3 65. Kg2 e2 66. Kh2 e1=Q 67. Kg2 h3+ 68. Kh2 Qg1# 0-1


[Site "https://www.chess.com"]

[Event "Titled Tuesday Blitz May 2 Late 2023"]
[White "Tatarinov, Dmitry"]
[Black "Hansen, Eric"]
[WhiteFideId "24160067"]
[BlackFideId "2606771"]
[WhiteElo "2326"]
[BlackElo "2561"]
[Result "0-1"]
[Round "07"]
[TimeControl "180+2"]
[Date "2023.05.02"]
[WhiteClock "0:00:03"]
[BlackClock "0:00:03"]

1. d4 Nf6 2. c4 e6 3. Nf3 b6 4. g3 Ba6 5. Nbd2 b5 6. cxb5 Bxb5 7. Bg2 d5 8. O-O Be7 9. Nb3 O-O 10. Bg5 Nbd7 11. Rc1 Ba4 12. Qd3 Rb8 13. Rc3 h6 14. Bxf6 Nxf6 15. Rfc1 Bd6 16. Ne5 Bxe5 17. dxe5 Nd7 18. Rxc7 Nxe5 19. Qc3 Nc4 20. Rxa7 Bxb3 21. axb3 Qb6 22. bxc4 Qxa7 23. cxd5 Rfe8 24. dxe6 Rxe6 25. e3 Reb6 26. Be4 g6 27. Rc2 Rxb2 28. Rxb2 Qa1+ 29. Kg2 Qxb2 30. Qxb2 Rxb2 31. h4 Kg7 32. Bf3 Kf6 33. Bd5 Rd2 34. Bc4 Rc2 35. Bb3 Rb2 36. Bc4 Ke7 37. Kf3 f6 38. Bd3 g5 39. hxg5 hxg5 40. Bf5 Kd6 41. Be4 Ke5 42. Bd3 Rd2 43. Bb1 Kd5 44. Be4+ Kc4 45. Bg6 Rb2 46. Bf5 Kc3 47. Kg2 Kd2 48. Kf1 Ra2 49. Be6 Ra1+ 50. Kg2 Ke1 51. f4 Ke2 52. fxg5 fxg5 53. e4 Ke3 54. Bf5 Ra5 55. Kh3 Kf3 0-1


[Site "https://www.chess.com"]

[Event "Titled Tuesday Blitz May 2 Late 2023"]
[White "Kourkoulos-Arditis, Stamatis"]
[Black "Dardha, Daniel"]
[WhiteFideId "4221990"]
[BlackFideId "240990"]
[WhiteElo "2400"]
[BlackElo "2581"]
[Result "0-1"]
[Round "07"]
[TimeControl "180+2"]
[Date "2023.05.02"]
[WhiteClock "0:00:01"]
[BlackClock "0:00:18"]

1. e4 c5 2. Nf3 d6 3. d4 cxd4 4. Nxd4 Nf6 5. Nc3 g6 6. g3 h5 7. h3 Bd7 8. Bg2 Qc8 9. Bg5 Bg7 10. Qd2 Nc6 11. Nxc6 bxc6 12. O-O-O Rb8 13. f4 Be6 14. f5 Bxa2 15. fxg6 Qa6 16. e5 Bd5 17. gxf7+ Bxf7 18. Qe3 dxe5 19. Bxf6 exf6 20. Ne4 Bh6 21. Nxf6+ Ke7 22. Rd7+ Ke6 23. Qxh6 Rxh6 24. Rhd1 Kxf6 0-1


[Site "https://www.chess.com"]

[Event "Titled Tuesday Blitz May 2 Late 2023"]
[White "Mekhitarian, Krikor Sevag"]
[Black "Mortazavi, Ali"]
[WhiteFideId "2107660"]
[BlackFideId "401323"]
[WhiteElo "2604"]
[BlackElo "2339"]
[Result "1-0"]
[Round "07"]
[TimeControl "180+2"]
[Date "2023.05.02"]
[WhiteClock "0:00:09"]
[BlackClock "0:00:02"]

1. Nf3 Nf6 2. c4 g6 3. Nc3 Bg7 4. e4 O-O 5. d4 d6 6. h3 e5 7. d5 Nh5 8. g3 Na6 9. Be2 Nc5 10. Be3 f5 11. exf5 gxf5 12. Nh4 Nf4 13. gxf4 Qxh4 14. Rg1 Kh8 15. Qd2 Ne4 16. Nxe4 fxe4 17. Rxg7 Kxg7 18. fxe5 dxe5 19. O-O-O Qf6 20. c5 Bf5 21. Qb4 b6 22. c6 Rad8 23. Qc3 Bg6 24. Bc4 Rd6 25. b3 Rfd8 26. h4 h6 27. Rg1 Kh7 28. h5 Bf5 29. Kb2 a5 30. Qc1 Rxd5 31. Bxd5 Rxd5 32. Qc4 Qd6 33. Rc1 Kg7 34. Qc3 Rd3 35. Qc4 Qd5 36. Qc2 Kf7 37. Rg1 a4 38. bxa4 Rd4 39. Ka1 Rc4 40. Qb3 Qxc6 41. Bxh6 Be6 42. Qb2 1-0


[Site "https://www.chess.com"]

[Event "Titled Tuesday Blitz May 2 Late 2023"]
[White "Indjic, Aleksandar"]
[Black "Kleiman, Jake"]
[WhiteFideId "911925"]
[BlackFideId "2020041"]
[WhiteElo "2614"]
[BlackElo "2399"]
[Result "1-0"]
[Round "07"]
[TimeControl "180+2"]
[Date "2023.05.02"]
[WhiteClock "0:00:15"]
[BlackClock "0:00:07"]

1. d4 Nf6 2. Nf3 e6 3. Bg5 h6 4. Bh4 d6 5. Nbd2 g5 6. Bg3 Nh5 7. e4 Bg7 8. c3 Nd7 9. Nc4 Qe7 10. Nfd2 Nxg3 11. hxg3 b6 12. a4 a6 13. Ne3 Bb7 14. Bd3 c5 15. d5 Nf6 16. Ndc4 Qc7 17. Qb3 Nd7 18. f4 O-O-O 19. O-O-O Kb8 20. Bc2 gxf4 21. gxf4 e5 22. Nf5 Bf8 23. g3 Ka7 24. Rdf1 Rg8 25. Bd3 Rg6 26. Be2 Re8 27. Bh5 exf4 28. gxf4 Rxe4 29. Bxg6 fxg6 30. Nfe3 Nf6 31. Rd1 Rxf4 32. Rhf1 g5 33. Qc2 Qd7 34. Qg6 Qe7 35. Rxf4 gxf4 36. Nf5 Qe4 37. Qxf6 Qxc4 38. Qxf8 f3 39. Nxd6 Qxa4 40. Qxf3 Qa1+ 41. Kc2 Qa4+ 42. Kb1 1-0


[Site "https://www.chess.com"]

[Event "Titled Tuesday Blitz May 2 Late 2023"]
[White "Livaic, Leon"]
[Black "Haszon, David"]
[WhiteFideId "14531534"]
[BlackFideId "733610"]
[WhiteElo "2509"]
[BlackElo "2210"]
[Result "1-0"]
[Round "07"]
[TimeControl "180+2"]
[Date "2023.05.02"]
[WhiteClock "0:02:01"]
[BlackClock "0:00:11"]

1. d4 Nf6 2. c4 e6 3. Nc3 d5 4. cxd5 exd5 5. Bg5 c6 6. e3 Be7 7. Bd3 Ne4 8. Bxe7 Qxe7 9. Qc2 Nxc3 10. bxc3 g6 11. Nf3 O-O 12. O-O Nd7 13. a4 f5 14. a5 a6 15. c4 dxc4 16. Bxc4+ Kg7 17. Qb2 Qf6 18. Rfd1 g5 19. Ne5 Qe7 20. Nxd7 Qxd7 21. d5+ Kg6 22. dxc6 Qxc6 23. Rac1 Be6 24. Qe5 Rae8 25. Rd6 Qc8 26. Rxe6+ Rxe6 27. Qxe6+ 1-0


[Site "https://www.chess.com"]